 Dungeon Crawl Stone Soup version 0.18.1-48-g4cf74bf (webtiles) character file.

125195 Peloso the Fencer (level 16, -2/149 HPs)
             Began as a Minotaur Fighter on July 25, 2016.
             Was the Champion of Okawaru.
             Killed from afar by a shock serpent (25 damage)
             ... with a bolt of electricity
             ... on level 1 of the Snake Pit.
             The game lasted 01:44:20 (26810 turns).

Peloso the Fencer (Minotaur Fighter)               Turns: 26810, Time: 01:44:21

Health: -2/149     AC: 23    Str: 31    XL:     16   Next: 41%
Magic:  16/16      EV: 18    Int:  7    God:    Okawaru [******]
Gold:   2608       SH: 16    Dex: 21    Spells: 0 memorised, 15 levels left

rFire  + + .     SeeInvis +     l - +2 scimitar (flame)
rCold  + + .     Gourm    .     y - +2 chain mail "Guifoxt" {-Cast rC+ Stlth+}
rNeg   . . .     Faith    .     X - +0 shield {reflect}
rPois  +         Spirit   .     U - +0 hat "Ceith" {Int+2 SInv}
rElec  .         Dismiss  .     R - +0 cloak {rPois}
rCorr  .         Reflect  +     o - +0 pair of gloves of the Trilobite {rC+ Str+4}
SustAt .         Harm     .     r - +2 pair of boots {rF+}
MR     +....     NoCast   +     s - amulet of regeneration
Stlth  ..........               F - +3 ring of dexterity
                                Q - ring "Kebb" {*Corrode +Blink rF+ Str+3 Dex+4}

@: somewhat resistant to hostile enchantments, extremely unstealthy
A: retaliatory headbutt, horns 2, screaming 1, shaggy fur 1, subdued magic 1
a: Heroism, Finesse, Renounce Religion, Evoke Blink


You were on level 1 of the Snake Pit.
You worshipped Okawaru.
Okawaru was exalted by your worship.
You were full.

You visited 5 branches of the dungeon, and saw 27 of its levels.
You also visited: Labyrinth and Volcano.

You collected 2753 gold pieces.
You spent 145 gold pieces at shops.

Inventory:

Hand Weapons
 l - a +2 scimitar of flaming (weapon)
 L - a +0 vampiric double sword
Armour
 o - the +0 pair of gloves of the Trilobite (worn) {rC+ Str+4}
   (Okawaru gifted it to you on level 2 of the Lair of Beasts)

   It affects your strength (+4).
   It protects you from cold.
 r - a +2 pair of boots of fire resistance (worn)
 y - the +2 chain mail "Guifoxt" (worn) {-Cast rC+ Stlth+}
   (You took it off a wight on level 12 of the Dungeon)

   It protects you from cold.
   It prevents spellcasting.
   It makes you more stealthy.
 R - a +0 cloak of poison resistance (worn)
 U - the +0 hat "Ceith" (worn) {Int+2 SInv}
   (Okawaru gifted it to you on level 11 of the Dungeon)

   It affects your intelligence (+2).
   It lets you see invisible.
 X - a +0 shield of reflection (worn)
Jewellery
 n - an uncursed ring of flight
 s - an amulet of regeneration (around neck)
 F - a +3 ring of dexterity (right hand)
 Q - the ring "Kebb" (left hand) {*Corrode +Blink rF+ Str+3 Dex+4}
   (You bought it in a shop on level 10 of the Dungeon)

   [ring of strength]

   It affects your strength (+3).
   It affects your dexterity (+4).
   It protects you from fire.
   It lets you blink.
   It may corrode you when you take damage.
 Y - an uncursed amulet of the gourmand
Wands
 g - a wand of disintegration (6/24)
 m - a wand of teleportation (5/9)
 w - a wand of digging (15/24)
Scrolls
 a - a scroll of fog
 c - a scroll of identify
 e - 6 scrolls of teleportation
 h - 3 scrolls of enchant weapon
 j - a scroll of blinking
 B - 5 scrolls of recharging
 G - 5 scrolls of fear
 I - 4 scrolls of enchant armour
 N - 3 scrolls of magic mapping
 T - 4 scrolls of remove curse
Potions
 d - 2 potions of might
 k - 10 potions of curing
 p - 6 potions of heal wounds
 x - 2 potions of resistance
 z - 4 potions of agility
 D - 5 potions of haste
 E - a potion of cancellation
 H - a potion of cure mutation
 K - 3 potions of berserk rage
 P - a potion of invisibility {unknown}
 W - a potion of flight
Books
 b - a book of Transfigurations

   Spells                             Type                      Level
   a - Irradiate                      Conjuration/Transmutation    5
   b - Statue Form                    Transmutation/Earth          6
   c - Hydra Form                     Transmutation                6
   d - Dragon Form                    Transmutation                7
Comestibles
 f - 17 bread rations
 q - 9 meat rations
 t - 8 beef jerkies
 u - 11 royal jellies
 v - 11 fruits
 A - 3 slices of pizza


   Skills:
 + Level 15.4 Fighting
 + Level 18.3 Long Blades
 + Level 14.5 Armour
 + Level 10.8 Dodging
 + Level 1.7 Stealth
 + Level 16.9 Shields
 + Level 2.3 Invocations
 + Level 0.8 Evocations


You had 15 spell levels left.
You didn't know any spells.

Dungeon Overview and Level Annotations

Branches:
Dungeon (15/15)            Temple (1/1) D:7            Lair (8/8) D:10
  Swamp (0/4) Lair:5        Snake (1/4) Lair:6        Slime (0/6) Lair:8
    Orc (2/2) D:11            Elf (0/3) Orc:2        Vaults (0/5) D:13
 Depths (0/5) D:15

Altars:
Ashenzari
Cheibriados
Dithmenos
Elyvilon
Fedhas
Gozag
Kikubaaqudgha
Makhleb
Nemelex Xobeh
Okawaru
Pakellas
Qazlal
Ru
Sif Muna
Trog
Vehumet
Xom
Yredelemnul
Zin
The Shining One
Beogh
Jiyva

Shops:
D:5 }[[   D:10 *   D:13 !   D:14 [   Orc:1 :(!   Orc:2 !(}[

Portals:
Hell: Lair:8


Innate Abilities, Weirdness & Mutations

You reflexively headbutt those who attack you in melee.
You have a pair of horns on your head.
You occasionally shout uncontrollably at your foes.
You are covered in fur (AC +1).
Your spells are a little easier to cast, but a little less powerful.


Message History

You hit the shock serpent. You burn the shock serpent.
The shock serpent is heavily wounded.
You block the shock serpent's attack.
You closely miss the shock serpent.
The shock serpent is heavily wounded.
You block the shock serpent's attack.
You slash the shock serpent! You burn the shock serpent.
The shock serpent is severely wounded.
The shock serpent's electric aura discharges, shocking you!
* * * LOW HITPOINT WARNING * * *
The shock serpent bites you.
* * * LOW HITPOINT WARNING * * *
The shock serpent shocks you!
* * * LOW HITPOINT WARNING * * *
You hit the shock serpent. You burn the shock serpent.
Your headbutt misses the shock serpent.
The shock serpent is almost dead.
The shock serpent shoots out a bolt of lightning at you!
The bolt of electricity hits you!
You die...

.# ..........# .#
########''##
######.........##
...##...........#
###..#............#
....+............#
...+............#
#S.#............#
#@.##...........#
###..##''#####....#
+....##..# ##.....#
+....##..###......#
##........#.......#
#.######.#.......#
#.# #.#.......# #.#
#.#.......#
#.######.#.......#


You could see a shock serpent.

Vanquished Creatures
  Rupert (D:13)
  Kirke (Lair:7)
  Donald (D:13)
  Roxanne (Snake:1)
  Maud (Lair:7)
  An orc warlord (Orc:2)
  The ghost of glosham the Arsonist, a journeyman HuAK of Lugonu (D:14)
  A stone giant (Orc:2)
  The ghost of Dickchan the Carver, a journeyman NaBe of Trog (D:12)
  A minotaur (Lab)
  A fire dragon (D:13)
  The ghost of rastmirit the Blocker, a journeyman TeFi of Qazlal (Lair:3)
  7 hydras
  Erica (D:10)
  2 centaur warriors
  Harold (D:12)
  A hell beast (Lair:8)
  Erolcha (D:8)
  16 death yaks
  2 tengu warriors
  2 naga sharpshooters (Snake:1)
  4 orc high priests (Orc:2)
  4 skeletal warriors
  3 unseen horrors
  A deep elf archer (D:15)
  5 hill giants
  2 lindwurms
  A necromancer (D:15)
  2 wizards
  3 deep elf magi
  4 orc knights
  2 griffons
  An ugly thing (D:12)
  3 cyclopes
  3 manticores
  4 orc sorcerers
  A wolf spider (Lair:7)
  3 centaur zombies
  4 black mambas
  An octopode (shapeshifter) (D:15)
  6 gargoyles
  2 naga magi (D:15)
  11 elephants
  2 molten gargoyles (Volcano)
  5 orange demons (Lair:8)
  9 spiny frogs
  A torpor snail (Lair:7)
  8 komodo dragons
  7 rime drakes
  3 ice devils (Lair:8)
  2 efreet
  A freezing wraith (D:14)
  7 trolls
  A wolf spider simulacrum (D:15)
  A hellwing (Lair:8)
  2 red devils (Lair:8)
  A tengu conjurer (D:15)
  Grinder (D:3)
  8 polar bears
  A troll (shapeshifter) (D:14)
  29 blink frogs
  3 two-headed ogres
  19 slime creatures
  A boulder beetle (Lair:8)
  A spriggan (Lair:3)
  A shadow (D:15)
  8 wyverns
  59 yaks
  A vampire (D:13)
  5 fire elementals (Volcano)
  A wraith (D:13)
  5 basilisks
  6 hippogriffs
  2 hogs (Lair:7)
  16 humans (D:13)
  11 vampire mosquitoes
  A steam dragon (Lair:5)
  4 hungry ghosts
  4 wargs
  4 insubstantial wisps (Lair:4)
  A mottled dragon (D:13)
  6 nagas
  16 water moccasins
  A soldier ant (D:13)
  8 porcupines
  A swamp drake (D:11)
  4 ice beasts
  10 black bears
  2 sky beasts
  20 ogres
  2 eyes of draining
  36 orc warriors
  5 phantoms
  13 wolves
  6 centaurs
  16 crocodiles
  A gnoll sergeant (D:12)
  A big kobold (D:8)
  19 giant frogs
  An earth elemental (Lab)
  4 scorpions
  7 wights (D:12)
  4 electric eels
  A howler monkey (D:12)
  4 crimson imps
  A quasit (D:8)
  7 hounds
  4 jellies
  A giant frog skeleton (D:7)
  7 centaur skeletons
  31 orc priests
  26 orc wizards
  3 iguanas
  7 worker ants
  2 sheep
  2 hound skeletons
  Robin (D:2)
  11 gnolls
  28 river rats
  25 adders
  4 shadow imps
  6 oozes
  3 adder skeletons
  A worm (D:2)
  2 dart slugs (D:1)
  5 giant geckos
  129 orcs
  A ball python (D:8)
  5 bats
  11 goblins
  7 hobgoblins
  10 jackals
  4 quokkas
  6 giant newts
  7 kobolds
  7 rats
  3 bushes (Lair:8)
  2 fire vortices (Volcano)
  4 fungi (Lair:8)
  A plant (Lair:4)
919 creatures vanquished.

Vanquished Creatures (collateral kills)
  An unseen horror (D:12)
  An ice beast (D:12)
2 creatures vanquished.

Vanquished Creatures (others)
  A human (Lair:7)
  A fire vortex (Volcano)
  21 fungi
  6 plants
29 creatures vanquished.

Grand Total: 950 creatures vanquished

Notes
Turn   | Place    | Note
--------------------------------------------------------------
     0 | D:1      | Peloso the Minotaur Fighter began the quest for the Orb.
     0 | D:1      | Reached XP level 1. HP: 19/19 MP: 0/0
   270 | D:1      | Reached XP level 2. HP: 21/27 MP: 1/1
   990 | D:2      | Found a sacrificial altar of Ru.
  1088 | D:2      | Reached XP level 3. HP: 33/33 MP: 2/2
  1292 | D:2      | Reached skill level 1 in Dodging
  1353 | D:2      | Reached XP level 4. HP: 36/40 MP: 3/3
  1370 | D:2      | Reached skill level 3 in Long Blades
  1395 | D:2      | Noticed Robin
  1401 | D:2      | Killed Robin
  1771 | D:3      | Found a bloodstained altar of Trog.
  1784 | D:3      | Found a glowing silver altar of Zin.
  1785 | D:3      | Found a shadowy altar of Dithmenos.
  1786 | D:3      | Found a snail-covered altar of Cheibriados.
  1786 | D:3      | Found a radiant altar of Vehumet.
  1786 | D:3      | Found a glowing golden altar of the Shining One.
  1877 | D:3      | Noticed Grinder
  2034 | D:3      | Killed Grinder
  2034 | D:3      | Reached skill level 4 in Long Blades
  2034 | D:3      | Reached skill level 5 in Armour
  2034 | D:3      | Reached skill level 5 in Shields
  2034 | D:3      | Reached XP level 5. HP: 30/47 MP: 4/4
  2034 | D:3      | Reached XP level 6. HP: 35/55 MP: 5/5
  2427 | D:4      | Found a sacrificial altar of Ru.
  2430 | D:4      | Reached skill level 5 in Fighting
  2705 | D:4      | Found a shimmering altar of Xom.
  2907 | D:4      | Found an oddly glowing altar of Pakellas.
  2981 | D:5      | Entered Level 5 of the Dungeon
  3006 | D:5      | Found Jodd's Antique Armour Shoppe.
  3040 | D:5      | Found Cug Xenoy's Gadget Emporium.
  3061 | D:5      | Reached XP level 7. HP: 61/61 MP: 6/6
  3290 | D:5      | Found Vimel Koq's Armour Emporium.
  3436 | D:5      | Reached skill level 5 in Long Blades
  3444 | D:5      | Got a twisted dagger
  3829 | D:6      | Reached XP level 8. HP: 64/70 MP: 7/7
  4028 | D:6      | Reached skill level 6 in Long Blades
  4321 | D:7      | Found a staircase to the Ecumenical Temple.
  4357 | Temple   | Entered the Ecumenical Temple
  4680 | D:7      | Reached skill level 7 in Long Blades
  4763 | D:7      | Reached XP level 9. HP: 65/79 MP: 8/8
  4767 | D:7      | Reached skill level 1 in Stealth
  4969 | D:7      | Found a white marble altar of Elyvilon.
  5522 | D:8      | Found a shattered altar of Ashenzari.
  5794 | D:8      | Found an iron altar of Okawaru.
  5798 | D:8      | Reached skill level 8 in Long Blades
  5806 | D:8      | Became a worshipper of Warmaster Okawaru
  5847 | D:8      | Got a crude mace
  5848 | D:8      | Identified the +2 mace of Dividends {speed, MP+9 Int+3} (You found it on level 8 of the Dungeon)
  6019 | D:8      | Noticed Erolcha
  6031 | D:8      | Killed Erolcha
  6031 | D:8      | Reached skill level 5 in Dodging
  6188 | D:8      | Reached * piety under Okawaru
  6578 | D:9      | Noticed a hill giant
  6590 | D:9      | Killed a hill giant
  6590 | D:9      | Reached ** piety under Okawaru
  6590 | D:9      | Reached XP level 10. HP: 72/90 MP: 9/9
  6758 | D:9      | Found a basalt altar of Yredelemnul.
  6760 | D:9      | Found a white marble altar of Elyvilon.
  6760 | D:9      | Found an opulent altar of Gozag.
  6791 | D:9      | Reached skill level 9 in Long Blades
  6912 | D:9      | Reached *** piety under Okawaru
  6936 | D:9      | Reached skill level 10 in Armour
  7252 | D:10     | Entered Level 10 of the Dungeon
  7285 | D:10     | Found Dothiffe's Assorted Antiques.
  7304 | D:10     | Bought a faintly glowing golden ring for 145 gold pieces
  7305 | D:10     | Identified the ring "Kebb" {*Corrode +Blink rF+ Str+3 Dex+4} (You bought it in a shop on level 10 of the Dungeon)
  7333 | D:10     | Noticed Erica
  7346 | D:10     | Killed Erica
  7346 | D:10     | Reached **** piety under Okawaru
  7346 | D:10     | Reached skill level 10 in Long Blades
  7346 | D:10     | Reached skill level 10 in Shields
  7422 | D:10     | Noticed a hill giant
  7423 | D:10     | Found a staircase to the Lair.
  7435 | D:10     | Killed a hill giant
  7509 | D:10     | Reached XP level 11. HP: 85/97 MP: 10/10
  8037 | D:10     | Reached ***** piety under Okawaru
  8431 | D:10     | Noticed an eight-headed hydra
  8436 | D:10     | Killed a four-headed hydra
  8997 | D:11     | Killed an unseen horror
  8997 | D:11     | Reached skill level 11 in Long Blades
  9231 | D:11     | Reached skill level 10 in Fighting
  9272 | D:11     | Received a gift from Okawaru
  9286 | D:11     | Got a twisted hat {god gift}
  9292 | D:11     | Identified the +0 hat "Ceith" {Int+2 SInv} (Okawaru gifted it to you on level 11 of the Dungeon)
  9516 | D:11     | Noticed an unseen horror
  9531 | D:11     | Killed an unseen horror
  9597 | D:11     | Found a staircase to the Orcish Mines.
  9622 | D:11     | Identified the +7 dagger of Evil {vamp, +Blink MR+} (You found it on level 5 of the Dungeon)
  9922 | D:12     | Noticed a white ugly thing
  9925 | D:12     | Noticed Dickchan's ghost (journeyman NaBe)
  9955 | D:12     | Noticed a hill giant
  9979 | D:11     | Killed a hill giant
 10057 | D:12     | Killed a white ugly thing
 10184 | D:12     | Reached XP level 12. HP: 96/108 MP: 11/11
 10191 | D:12     | Reached skill level 12 in Long Blades
 10697 | D:12     | Killed Dickchan's ghost
 10825 | D:12     | Reached skill level 1 in Invocations
 10826 | D:12     | Found a shattered altar of Ashenzari.
 10827 | D:12     | Noticed Harold
 10851 | D:12     | Killed Harold
 11022 | D:12     | Got an encrusted chain mail
 11033 | D:12     | Identified the +2 chain mail "Guifoxt" {-Cast rC+ Stlth+} (You took it off a wight on level 12 of the Dungeon)
 11812 | Lair:1   | Entered Level 1 of the Lair of Beasts
 11848 | Lair:1   | Got a crude flail
 11853 | Lair:1   | Identified the +8 flail of Arrival {crush, Str+4} (You found it on level 1 of the Lair of Beasts)
 11859 | Lair:1   | Found a labyrinth entrance.
 11869 | Lab      | Entered a labyrinth
 12045 | Lab      | Noticed a minotaur
 12057 | Lab      | Killed a minotaur
 12086 | Lab      | Got a bound granite ring
 12091 | Lab      | Identified the ring "Uxtet" {Wiz rC- rN++} (You found it in a labyrinth)
 12937 | Lair:2   | Reached skill level 13 in Long Blades
 13195 | Lair:2   | Reached ****** piety under Okawaru
 13403 | Lair:2   | Received a gift from Okawaru
 13428 | Lair:2   | Got a pair of heavily runed gloves {god gift}
 13434 | Lair:2   | Identified the +0 pair of gloves of the Trilobite {rC+ Str+4} (Okawaru gifted it to you on level 2 of the Lair of Beasts)
 13492 | Lair:2   | Reached XP level 13. HP: 113/118 MP: 12/12
 13971 | Lair:3   | Noticed rastmirit's ghost (journeyman TeFi)
 13989 | Lair:3   | Killed rastmirit's ghost
 14097 | Lair:3   | Found a dark tunnel.
 14102 | Volcano  | Entered a volcano
 15172 | Lair:4   | Gained mutation: You are covered in fur (AC +1). [potion of beneficial mutation]
 15228 | Lair:4   | Reached skill level 14 in Long Blades
 16308 | Lair:5   | Found a staircase to the Swamp.
 16691 | Lair:6   | Found a staircase to the Snake Pit.
 16714 | Lair:6   | Received a gift from Okawaru
 16757 | Lair:6   | Reached XP level 14. HP: 116/129 MP: 14/14
 17490 | Lair:6   | Reached skill level 15 in Long Blades
 17593 | Lair:7   | Received a gift from Okawaru
 17634 | Lair:7   | Noticed Kirke
 17641 | Lair:7   | Noticed a sphinx
 17648 | Lair:7   | Killed Kirke
 18001 | Lair:7   | Noticed Maud
 18022 | Lair:7   | Killed Maud
 18144 | Lair:7   | Reached skill level 15 in Shields
 18678 | Lair:8   | Entered Level 8 of the Lair of Beasts
 18678 | Lair:8   | Found a staircase to the Slime Pits.
 18678 | Lair:8   | Found a viscous altar of Jiyva.
 18965 | Lair:8   | Received a gift from Okawaru
 19099 | Lair:8   | Reached skill level 16 in Long Blades
 19968 | Lair:8   | Found a burning altar of Makhleb.
 19995 | Lair:8   | Reached XP level 15. HP: 138/138 MP: 12/15
 20275 | Lair:8   | Found a gateway to Hell.
 21110 | Orc:1    | Entered Level 1 of the Orcish Mines
 21238 | Orc:2    | Entered Level 2 of the Orcish Mines
 21361 | Orc:1    | Found Kagrouxi's Distillery.
 21391 | Orc:1    | Found Rabae's Book Shoppe.
 21500 | Orc:1    | Found Hoprom's Antique Weapon Shoppe.
 21887 | Orc:2    | Reached skill level 10 in Dodging
 22060 | Orc:2    | Found a roughly hewn altar of Beogh.
 22151 | Orc:2    | Found Mushre's Antique Armour Emporium.
 22157 | Orc:2    | Received a gift from Okawaru
 22171 | Orc:2    | Found Celeuw's Gadget Shoppe.
 22309 | Orc:2    | Found Ycvatoh's Weapon Boutique.
 22417 | Orc:2    | Noticed an orc warlord
 22436 | Orc:2    | Killed an orc warlord
 22456 | Orc:2    | Found a roughly hewn altar of Beogh.
 22778 | Orc:2    | Gained mutation: You occasionally shout uncontrollably at your foes. [a neqoxec]
 22782 | Orc:2    | Gained mutation: Your spells are a little easier to cast, but a little less powerful. [a neqoxec]
 22827 | Orc:2    | Reached skill level 17 in Long Blades
 22880 | Orc:2    | Found a staircase to the Elven Halls.
 23104 | Orc:2    | Found Qulerch's Distillery.
 23576 | D:13     | Found Zarais's Distillery.
 23682 | D:13     | Received a gift from Okawaru
 23708 | D:13     | Noticed Rupert
 23741 | D:13     | Killed Rupert
 23830 | D:13     | Noticed Donald
 23841 | D:13     | Killed Donald
 23843 | D:13     | Got a jewelled shield {Donald}
 23859 | D:13     | Identified the cursed -2 shield of Suihazudd {-Tele rN+ Regen+ Int+5} (You took it off Donald on level 13 of the Dungeon)
 24128 | D:13     | Reached skill level 15 in Fighting
 24183 | D:13     | Found a gate to the Vaults.
 24517 | D:14     | Noticed glosham's ghost (journeyman HuAK)
 24539 | D:14     | Killed glosham's ghost
 24563 | D:14     | Received a gift from Okawaru
 24738 | D:14     | Found Xayteiz's Armour Emporium.
 24758 | D:14     | Reached XP level 16. HP: 130/149 MP: 16/16
 25061 | D:15     | Entered Level 15 of the Dungeon
 25094 | D:15     | Received a gift from Okawaru
 25335 | D:15     | Found a staircase to the Depths.
 25341 | D:15     | Reached skill level 18 in Long Blades
 25377 | D:15     | Found a sacrificial altar of Ru.
 26533 | Snake:1  | Entered Level 1 of the Snake Pit
 26565 | Snake:1  | Noticed Roxanne
 26596 | Snake:1  | Killed Roxanne
 26810 | Snake:1  | Killed from afar by a shock serpent

Skill      XL: |  1  2  3  4  5  6  7  8  9 10 11 12 13 14 15 16 |
---------------+-------------------------------------------------+-----
Shields        | 4 5 6 7 9 10 11 12 14 15 16 | 16.9
Fighting       | 4 5 6 7 8 9 10 12 13 14 15 | 15.4
Armour         | 4 5 6 7 9 10 11 12 13 14 | 14.5
Dodging        | 1 2 3 5 6 7 8 9 10 | 10.8
Long Blades    | 4 5 7 8 10 11 13 14 16 17 18 | 18.3
Stealth        | 1 |  1.7
Invocations    | 1 2 |  2.3
Evocations     | |  0.8

Action                   |  1- 3 |  4- 6 |  7- 9 | 10-12 | 13-15 | 16-18 || total
-------------------------+-------+-------+-------+-------+-------+-------++-------
Melee: Long sword        |    90 |   112 |   346 |   125 |       |       ||   673
       Headbutt          |    18 |    19 |    89 |   245 |   579 |    97 ||  1047
       Unarmed           |       |     9 |       |       |       |       ||     9
       Scimitar          |       |       |       |   643 |  1571 |   240 ||  2454
       Great sword       |       |       |       |       |    40 |       ||    40
Invok: Heroism           |       |       |       |     6 |    11 |       ||    17
       Finesse           |       |       |       |     1 |     1 |       ||     2
 Abil: Evoke Flight      |       |       |       |       |     1 |       ||     1
Evoke: Wand              |       |       |       |       |     3 |       ||     3
  Use: Scroll            |       |     9 |    11 |    14 |     9 |     1 ||    44
       Potion            |       |       |     1 |     2 |     1 |       ||     4
 Stab: Paralysed         |       |     1 |       |       |       |       ||     1
  Eat: Chunk             |     1 |     6 |    11 |    23 |    42 |    24 ||   107
       Royal jelly       |       |       |     1 |       |       |       ||     1
       Fruit             |       |       |       |     1 |     1 |       ||     2
       Pizza             |       |       |       |       |     2 |     1 ||     3
Armor: Scale mail        |    12 |       |       |       |       |       ||    12
       Chain mail        |    45 |    62 |   139 |   300 |   402 |    58 ||  1006
       Skin              |       |     1 |       |       |       |       ||     1
Dodge: Dodged            |    15 |    27 |   111 |   268 |   681 |    92 ||  1194
Block: Shield            |    39 |    58 |   181 |   519 |   890 |   146 ||  1833
       Reflection        |       |       |       |       |       |    13 ||    13
